 Dungeon Crawl Stone Soup version 0.20.1-1-g8b1a95d (webtiles) character file.

60 smedtjen the Charmwright (level 4, -2/35 HPs)
             Began as a Barachi Skald on Nov 10, 2017.
             Slain by a leopard gecko (4 damage)
             ... on level 3 of the Dungeon on Nov 22, 2017.
             The game lasted 00:06:23 (1294 turns).

smedtjen the Charmwright (Barachi Skald)            Turns: 1294, Time: 00:06:24

Health: -2/35      AC: 11    Str: 13    XL:     4   Next: 6%
Magic:  7/7        EV:  4    Int: 15    God:
Gold:   87         SH:  0    Dex: 12    Spells: 3/7 levels left

rFire    . . .     SeeInvis .   a - +0 spear
rCold    . . .     Gourm    .   (no shield)
rNeg     . . .     Faith    .   p - +0 plate armour
rPois    .         Spirit   .   (no helmet)
rElec    .         Reflect  .   (no cloak)
rCorr    .         Harm     .   (no gloves)
MR       .....                  (no boots)
Stlth    ..........             (no amulet)
Regen    0.2/turn               (no ring)
MPRegen  0.1/turn               (no ring)

@: can't hop, slow
A: +LOS, swims, clever 1, slowness 1, MP-powered wands, strong legs 1
a: Hop


You were on level 3 of the Dungeon.
You were not hungry.

You visited 1 branch of the dungeon, and saw 3 of its levels.

You collected 87 gold pieces.

Inventory:

Hand Weapons
 a - a +0 spear (weapon)
 n - a +2 dagger of venom
Missiles
 o - 7 poisoned tomahawks (quivered)
Armour
 b - a +0 leather armour
 p - a +0 plate armour (worn)
Scrolls
 f - 3 scrolls of remove curse
 i - a scroll of blinking
Books
 c - a book of Battle

   Spells                             Type                      Level
   a - Infusion                       Charms                       1
   b - Shroud of Golubria             Charms/Translocation         2
   c - Song of Slaying                Charms                       2
   d - Spectral Weapon                Hexes/Charms                 3
   e - Regeneration                   Charms/Necromancy            3
Comestibles
 d - a bread ration
 h - 2 meat rations
 m - a chunk of flesh
 q - a royal jelly


   Skills:
 + Level 3.0 Fighting
 + Level 2.4 Polearms
 + Level 2.5 Armour
 + Level 2.6 Dodging
 + Level 2.4 Spellcasting
 + Level 3.5 Charms


You had 3 spell levels left.
You knew the following spells:

 Your Spells              Type           Power        Failure   Level  Hunger
a - Infusion              Chrm           ##..         100%        1    #......
b - Spectral Weapon       Hex/Chrm       #.......     100%        3    ###....


Dungeon Overview and Level Annotations

Branches:
Dungeon (3/15)

Altars:


Innate Abilities, Weirdness & Mutations

Shadows flee at your approach. (+LOS)
You can swim through water.
You cover ground slowly.
You can hop short distances.
Your mind is acute. (Int +2)
You expend magic power (3 MP) to strengthen your wands.


Message History

* * * LOW HITPOINT WARNING * * *
Hop to where?
Press: ? - help, Dir - move target cursor Boing!
Your legs are too worn out to hop.
The leopard gecko bites you but does no damage.
Throwing (i - inventory):
o - 8 poisoned tomahawks (quivered)
Press: ? - help, Shift-Dir - straight line You throw a poisoned tomahawk.
The leopard gecko bites you.
* * * LOW HITPOINT WARNING * * *
There is a stone staircase leading down here.
The leopard gecko bites you.
* * * LOW HITPOINT WARNING * * *
You climb downwards.
Found 8 javelins and a scroll of remove curse.
Found a stone staircase leading down.
There is a stone staircase leading up here.
You miss the leopard gecko. The leopard gecko barely misses you.
You miss the leopard gecko. The leopard gecko bites you.
You die...

##...#
.....#
....#
....#
...
...
#.#
#l#
#@#
#.#
#(#
...
..>
#...#
##.##
.?#
#.#


You could see a leopard gecko.

Vanquished Creatures
  2 adders (D:2)
  An ooze (D:2)
  2 dart slugs (D:2)
  A leopard gecko (D:2)
  A giant cockroach (D:2)
  9 goblins
  2 hobgoblins (D:1)
  7 bats
  4 frilled lizards
  3 kobolds (D:1)
  2 rats (D:2)
34 creatures vanquished.

Notes
Turn   | Place    | Note
-------+----------+-------------------------------------------
     0 | D:1      | smedtjen the Barachi Skald began the quest for the Orb.
     0 | D:1      | Reached XP level 1. HP: 17/17 MP: 3/3
   295 | D:1      | Reached XP level 2. HP: 23/23 MP: 5/5
  1036 | D:2      | Reached XP level 3. HP: 28/28 MP: 6/6
  1060 | D:2      | Learned a level 3 spell: Spectral Weapon
  1191 | D:2      | Gained mutation: You expend magic power (3 MP) to strengthen your wands. [potion of mutation]
  1191 | D:2      | Gained mutation: Your mind is acute. (Int +2) [potion of mutation]
  1278 | D:2      | Reached XP level 4. HP: 12/35 MP: 7/7
  1291 | D:2      | HP: 1/35 [leopard gecko (2)]
  1294 | D:3      | Slain by a leopard gecko

Skill      XL: |  1  2  3 |
---------------+----------+-----
Armour         | 2 |  2.5
Fighting       | 3 |  3.0
Polearms       | |  2.4
Dodging        | |  2.6
Spellcasting   | |  2.4
Charms         | |  3.5

Action                   |  1- 3 |  4- 6 || total
-------------------------+-------+-------++-------
Melee: Spear             |   167 |     5 ||   172
Throw: Tomahawk          |       |     1 ||     1
 Abil: Hop               |     1 |     1 ||     2
  Use: Potion            |     5 |       ||     5
       Scroll            |     3 |       ||     3
  Eat: Chunk             |     2 |       ||     2
Armor: Leather armour    |    25 |       ||    25
       Plate armour      |    75 |     6 ||    81
Dodge: Dodged            |    65 |     4 ||    69
